 Dungeon Crawl Stone Soup version 0.19-a0-1193-g2641e52 (webtiles) character file.

128 epen the Poker (level 5, -1/42 HPs)
             Began as a Merfolk Monk on Aug 19, 2016.
             Slain by JustSomeDude's ghost (2 damage)
             ... on level 4 of the Dungeon.
             The game lasted 00:03:48 (2850 turns).

epen the Poker (Merfolk Monk)                       Turns: 2850, Time: 00:03:51

Health: -1/42      AC:  7    Str: 10 (12) XL:     5   Next: 11%
Magic:  5/5        EV: 11    Int: 14 (15) God:
Gold:   247        SH:  0    Dex: 15 (16) Spells: 0 memorised, 4 levels left

rFire  . . .     SeeInvis .     a - +0 spear
rCold  . . .     Gourm    .     q - +0 ring mail
rNeg   . . .     Faith    .     (no shield)
rPois  .         Spirit   .     k - +0 helmet
rElec  .         Dismiss  .     u - +0 cloak
rCorr  .         Reflect  .     (no gloves)
MR     .....     Harm     .     (no boots)
Stlth  +.........               (no amulet)
                                (no ring)
                                s - ring of wizardry

@: brilliant, lethally poisoned (-1 -> -4), about to teleport, heavily drained
A: change form in water, swift swim
a: no special abilities


You were on level 4 of the Dungeon.
You were not hungry.

You visited 1 branch of the dungeon, and saw 4 of its levels.

You collected 247 gold pieces.

Inventory:

Hand Weapons
 a - a +0 spear (weapon)
Armour
 b - a +0 robe
 k - a +0 helmet (worn)
 q - a +0 ring mail (worn)
 u - a +0 cloak (worn)
Jewellery
 s - a ring of wizardry (left hand)
Wands
 w - a wand of flame (23/48)
Scrolls
 d - a scroll of fear {unknown}
 e - a scroll of recharging {unknown}
 f - a scroll of enchant weapon {unknown}
 g - a scroll of teleportation
 h - 2 scrolls of random uselessness
 i - 4 scrolls of identify
 l - 4 scrolls of remove curse
 p - a scroll of amnesia {unknown}
 r - a scroll of blinking {unknown}
Potions
 t - a potion of haste {unknown}
 v - a potion of resistance {unknown}
Comestibles
 c - 3 bread rations
 m - 3 fruits
 n - a royal jelly
 o - a slice of pizza


   Skills:
 + Level 3.8(1.0) Fighting
 + Level 5.4(2.4) Polearms
 * Level 1.9(0.0) Armour
 + Level 5.1(2.2) Dodging
 - Level 2.1(0.0) Stealth


You had 4 spell levels left.
You didn't know any spells.

Dungeon Overview and Level Annotations

Branches:
Dungeon (4/15)
 Temple: D:4-7

Altars:
Dithmenos
Gozag
Makhleb
Qazlal
Trog

Annotations:
D:1 1 runed door
D:2 1 runed door
D:4 JustSomeDude's ghost, amateur DsFi


Message History

As you read the scroll labeled GAIDI ADUS, it crumbles to dust.
It is a scroll of identify.
h - 2 scrolls of random uselessness The worker ant bites you.
JustSomeDude's ghost takes a fighting stance.
JustSomeDude's ghost closely misses you.
As you read the scroll labeled HIJYTEF OHARGHA, it crumbles to dust.
You feel strangely unstable.
It was a scroll of teleportation.
You feel sick. The worker ant bites you.
* * * LOW HITPOINT WARNING * * *
The worker ant closely misses you.
JustSomeDude's ghost hits you but does no damage.
You feel drained.
It was a potion of brilliance.
You feel clever all of a sudden.
The worker ant bites you but does no damage.
JustSomeDude's ghost hits you!
* * * LOW HITPOINT WARNING * * *
You feel drained.
You die...

##### #...# #...# #...#
#...# ###########...#
..............+
##.(....###...#####.##.#
...............W@a......
##......############.#.#
...###### ...# ...# ####
# ##########
#........########


You could see a worker ant and JustSomeDude's ghost.

Vanquished Creatures
  A worker ant (D:4)
  An ooze (D:3)
  3 worms (D:2)
  3 dart slugs
  A giant gecko (D:3)
  8 orcs (D:3)
  7 giant cockroaches
  11 hobgoblins
  6 jackals (D:3)
  7 bats
  3 giant newts
  5 goblins
  6 kobolds
  10 rats
72 creatures vanquished.

Notes
Turn   | Place    | Note
-------+----------+-------------------------------------------
     0 | D:1      | epen the Merfolk Monk began the quest for the Orb.
     0 | D:1      | Reached XP level 1. HP: 18/18 MP: 1/1
     0 | D:1      | Noticed a jelly
     1 | D:1      | Found a runed door.
    72 | D:1      | Reached XP level 2. HP: 24/24 MP: 2/2
   407 | D:1      | Reached skill level 5 in Polearms
   407 | D:1      | Reached XP level 3. HP: 29/29 MP: 3/3
   705 | D:2      | Found an opulent altar of Gozag.
   874 | D:2      | Found a burning altar of Makhleb.
  1306 | D:2      | Found a runed door.
  1417 | D:2      | Reached skill level 1 in Armour
  1644 | D:3      | Reached XP level 4. HP: 36/36 MP: 4/4
  2049 | D:3      | Reached skill level 5 in Dodging
  2094 | D:3      | Found a shadowy altar of Dithmenos.
  2094 | D:3      | Found a bloodstained altar of Trog.
  2439 | D:4      | Found a stormy altar of Qazlal.
  2451 | D:4      | Noticed JustSomeDude's ghost (amateur DsFi)
  2828 | D:4      | Reached XP level 5. HP: 10/42 MP: 5/5
  2845 | D:4      | HP: 2/42 [worker ant (1)]
  2850 | D:4      | HP: 1/42 [JustSomeDude's ghost (7)]
  2850 | D:4      | Slain by JustSomeDude's ghost

Vault maps used:
D:1:      dpeg_arrival_caged_fury
D:2:      lemuel_doored_altar, overflow_temple_1_default,
          kennysheep_generic_room_8, uniq_crazy_yiuf_cottage
D:3:      gammafunk_temple_overflow_elements, first_bread
D:4:      grunt_temple_overflow_open, grunt_qazlal_sundering

Skill      XL: |  1  2  3  4 |
---------------+-------------+-----
Polearms       | 5 |  5.4
Armour         | 1 |  1.9
Dodging        | 5 |  5.1
Fighting       | |  3.8
Stealth        | |  2.1

Action                   |  1- 3 |  4- 6 || total
-------------------------+-------+-------++-------
Melee: Spear             |   172 |   151 ||   323
  Use: Scroll            |       |     3 ||     3
       Potion            |       |     3 ||     3
 Stab: Sleeping          |     6 |     1 ||     7
  Eat: Chunk             |     2 |     4 ||     6
Armor: Robe              |    12 |       ||    12
       Ring mail         |    10 |    33 ||    43
Dodge: Dodged            |    81 |    79 ||   160
